 Dungeon Crawl Stone Soup version 0.29-a0-330-g52719c12eb (webtiles) character file.

Game seed: 4994625655140404865

35 jmlagarto the Slasher (level 3, -1/31 HPs)
             Began as an Ogre Wanderer on Apr 18, 2022.
             Slain by a quokka (3 damage)
             ... on level 1 of the Dungeon.
             The game lasted 00:02:12 (1384 turns).

jmlagarto the Slasher (Ogre Wanderer)               Turns: 1384, Time: 00:02:13

Health: -1/31      AC:  3    Str: 18    XL:     3   Next: 33%
Magic:  6/6        EV:  9    Int: 15    God:
Gold:   24         SH:  0    Dex:  6    Spells: 5/6 levels left

rFire   . . .      SeeInvis .   a - +3 falchion
rCold   + . .      Faith    .   (no shield)
rNeg    . . .      Spirit   .   d - +0 robe
rPois   .          Reflect  .   b - +0 hat
rElec   .          Harm     .   (no cloak)
rCorr   .          Rampage  .   (gloves unavailable)
Will    .....                   (boots unavailable)
Stlth   +.........              (no amulet)
HPRegen 0.10/turn               f - ring of protection from cold
MPRegen 0.10/turn               (no ring)

@: no status effects
A: large, unfitting armour, tough skin 1
a: no special abilities


You were on level 1 of the Dungeon.
You visited 1 branch of the dungeon, and saw 1 of its levels.

You collected 24 gold pieces.

Inventory:

Hand Weapons
 a - a +3 falchion (weapon)
Armour
 b - a +0 hat (worn)
 d - a +0 robe (worn)
Jewellery
 f - a ring of protection from cold (left hand)
Potions
 c - a potion of lignification
 g - a potion of might {unknown}


   Skills:
 + Level 3.8 Long Blades
 + Level 2.2 Dodging
 + Level 2.0 Spellcasting
 + Level 3.0 Air Magic


You had 5 spell levels left.
You knew the following spells:

 Your Spells              Type           Power      Damage    Failure   Level
a - Shock                 Conj/Air       24%        1d4       12%         1

Your spell library contained the following spells:

 Spells                   Type           Power      Damage    Failure   Level
 Mephitic Cloud           Conj/Pois/Air  4%         N/A       41%         3


Dungeon Overview and Level Annotations

Branches:
Dungeon (1/15)

Altars:


Innate Abilities, Weirdness & Mutations

You are too large for most types of armour.
You have tough skin. (AC +1)


Message History

You kill the quokka!
The quokka twitches its whiskers.
The kobold throws a stone.
The stone closely misses you. The kobold hits you with a +0 dagger.
You hit the kobold.
The kobold is severely wounded.
The kobold hits you with a +0 dagger.
You barely miss the kobold.
The kobold is severely wounded.
The kobold hits you with a +0 dagger. The rat bites you but does no damage.
You hit the kobold.
You kill the kobold!
The rat barely misses you.
You hit the hobgoblin.
You kill the hobgoblin!
The rat misses you. The quokka bites you.
You hit the quokka.
The quokka is lightly wounded.
The rat barely misses you. The quokka bites you.
* * * LOW HITPOINT WARNING * * *
As you read the scroll labelled XUXAFU OKAKA, it crumbles to dust.
You hear a loud clanging noise!
It was a scroll of noise.
You hear a shout! x3; You hear an angry hiss.
The rat barely misses you. The quokka bites you.
* * * LOW HITPOINT WARNING * * *
As you read the scroll labelled NEMIUM RO ICW, it crumbles to dust.
It is a scroll of enchant weapon.
Your +2 falchion glows red for a moment.
The rat barely misses you.
The quokka bites you but does no damage.
You hit the rat.
You kill the rat!
The quokka bites you.
* * * LOW HITPOINT WARNING * * *
The quokka bites you but does no damage.
As you read the scroll labelled FORUNOR MIUSOWK, it crumbles to dust.
You feel a surge of unholy energy.
The quokka convulses!
It was a scroll of torment.
The quokka bites you.
You die...

#....#.....##..
#...#.....#.#..#
#..#######..#..#
#..#.....#..#..###
#..#.....#..#.....
##.#.....#..#.....
#$#.(...#.#....
#.#)....##r.#.
#.†######@†## #
#..........#
#########.........#
..................#
..................#
..................#
...†..............#
.........#####+####
.........#


You could see a quokka.

Vanquished Creatures
  A dart slug (D:1)
  3 ball pythons (D:1)
  4 endoplasms (D:1)
  A giant cockroach (D:1)
  A goblin (D:1)
  5 hobgoblins (D:1)
  2 kobolds (D:1)
  5 quokkas (D:1)
  2 bats (D:1)
  A frilled lizard (D:1)
  3 rats (D:1)
28 creatures vanquished.

Notes
Turn   | Place    | Note
-------+----------+-------------------------------------------
     0 | D:1      | jmlagarto the Ogre Wanderer began the quest for the Orb.
     0 | D:1      | jmlagarto set off with the following items: a +2 falchion,
                  | a +0 hat, a potion of lignification, a +0 robe; and the
                  | following spell memorised: Shock; and the following spells
                  | available to memorise: Mephitic Cloud
     0 | D:1      | Reached XP level 1. HP: 16/16 MP: 2/2
   504 | D:1      | Reached XP level 2. HP: 16/24 MP: 2/4
  1225 | D:1      | Reached XP level 3. HP: 31/31 MP: 5/5
  1384 | D:1      | Slain by a quokka

Illustrated notes

Levels and vault maps discovered:
D:1:      dpeg_arrival_line_fractal, layout_basic,
          nicolae_concentric_dashed_squares_wild, minmay_3d_cube

Skill      XL: |  1  2  3 |
---------------+----------+-----
Dodging        | 2 |  2.2
Air Magic      | 3 |  3.0
Spellcasting   | 2 |  2.0
Long Blades    | |  3.8

Action                   || total
-------------------------++-------
Melee: Falchion          ||    91
  Use: Scroll            ||     5
       Potion            ||     1
 Stab: Invisible         ||     1
Armor: Robe              ||    24
Dodge: Dodged            ||    40

Table legend: (Time is in decaauts)
 A = Elapsed time spent in this place.
 B = Non-inter-level travel time spent in this place.
 C = Inter-level travel time spent in this place.
 D = Time resting spent in this place.
 E = Time spent auto-exploring this place.
 F = Levels seen in this place.
 G = Mean time per level.
                   A        B        C        D        E       F      G
               +--------+--------+--------+--------+--------+-----+--------+
         Total |   1394 |   1394 |      0 |     24 |   1149 |   1 | 1394.0 |
       Dungeon |   1394 |   1394 |      0 |     24 |   1149 |   1 | 1394.0 |
               +--------+--------+--------+--------+--------+-----+--------+

Top non-repeatable levels by time:
     D:1: 1394 daAuts
